APP
GRAND JUNCTION ROCKIES @ PHILADELPHIA (APP) PHILLIES
07/30/2044
 
TOP OF THE 1ST
Grand Junction Rockies batting - Pitching for Philadelphia (APP) Phillies : RHP Chad Capaldi
Pitching: RHP Chad Capaldi
Batting: LHB Steve Gilliam 0-0: Called Strike
0-1: Foul Ball, location: 2F
0-2: Ball
1-2: Foul Ball, location: 2F
1-2: Ball
2-2: Ground out 3-1 (Groundball, 34S, EV 93.8 MPH)
Batting: LHB Bill McGregor 0-0: Ball
1-0: Called Strike
1-1: Ball
2-1: Ball
3-1: Base on Balls
Batting: LHB Chris Salim 0-0: Ball
Bill McGregor steals 2nd base
1-0: Ball
2-0: Called Strike
2-1: Ball
3-1: Base on Balls
Batting: RHB Willis Morales 0-0: Called Strike
Bill McGregor steals 3rd base (no throw)
0-1: Fielders Choice at 2nd, 5-4 (Groundball, 5, EV 104.4 MPH)
Bill McGregor scores
Batting: RHB Juan Figueroa 0-0: Ball
Willis Morales is caught stealing 2nd base 2-4
Top of the 1st over - 1 run, 0 hits, 0 errors, 0 left on base; Grand Junction 1 - Philadelphia (APP) 0
BOTTOM OF THE 1ST
Philadelphia (APP) Phillies batting - Pitching for Grand Junction Rockies : LHP Kyle Mearkle
Pitching: LHP Kyle Mearkle
Batting: RHB Mark Schultz 0-0: Called Strike
0-1: SINGLE (Line Drive, 4MD, EV 97.5 MPH)
Batting: RHB Carlos Morejon 0-0: Ball
1-0: Ball
2-0: DOUBLE (Line Drive, 9LS, EV 107.5 MPH)
Mark Schultz to third
Batting: RHB Kyle Reilly 0-0: Ball
1-0: Called Strike
1-1: Ball
2-1: Ball
3-1: Swinging Strike
3-2: Base on Balls
Batting: RHB Seung-mun Kim 0-0: Called Strike
0-1: Called Strike
0-2: Strikes out swinging
Batting: RHB Eduardo Calderon 0-0: Called Strike
0-1: Ball
1-1: Ball
2-1: Called Strike
2-2: Ball
3-2: Base on Balls
Mark Schultz scores
Carlos Morejon to third
Kyle Reilly to second
Batting: RHB Vaclav Been 0-0: Ball
1-0: Foul Ball, location: 2F
1-1: Ball
2-1: Foul Ball, location: 2F
2-2: Strikes out swinging
Batting: LHB Eric Farren 0-0: Ball
1-0: Called Strike
1-1: Called Strike
1-2: Strikes out swinging
Bottom of the 1st over - 1 run, 2 hits, 0 errors, 3 left on base; Grand Junction 1 - Philadelphia (APP) 1
TOP OF THE 2ND
Grand Junction Rockies batting - Pitching for Philadelphia (APP) Phillies : RHP Chad Capaldi
Batting: RHB Juan Figueroa 0-0: Ball
1-0: Foul Ball, location: 2F
1-1: Called Strike
1-2: Fly out, F8 (Line Drive, 8RM, EV 98.1 MPH)
Batting: LHB Michael Krott 0-0: Ball
1-0: Ball
2-0: Ball
3-0: Base on Balls
Batting: LHB Harry Folsom 0-0: Called Strike
0-1: Swinging Strike
0-2: Foul Ball, location: 2F
0-2: Strikes out swinging
Batting: RHB Bryce Hickman 0-0: Called Strike
0-1: Fielders Choice at 2nd, 6-4 (Groundball, 6, EV 101.2 MPH)
Top of the 2nd over - 0 runs, 0 hits, 0 errors, 1 left on base; Grand Junction 1 - Philadelphia (APP) 1
BOTTOM OF THE 2ND
Philadelphia (APP) Phillies batting - Pitching for Grand Junction Rockies : LHP Kyle Mearkle
Batting: LHB Josh George 0-0: Ball
1-0: Called Strike
1-1: Ball
2-1: Ball
3-1: Foul Ball, location: 2F
3-2: Base on Balls
Batting: LHB Jesse Haught 0-0: Foul Ball, location: 2F
0-1: Ball
1-1: Ball
2-1: Ground out 4-3 (Groundball, 4S, EV 64.4 MPH)
Josh George to second
Batting: RHB Mark Schultz 0-0: Ball
Balk!
Josh George to third
1-0: Ball
Wild Pitch!
Josh George scores
2-0: Called Strike
2-1: Ball
3-1: Foul Ball, location: 2F
3-2: Strikes out swinging
Batting: RHB Carlos Morejon 0-0: Ball
1-0: SINGLE (Groundball, 56D, EV 106.2 MPH)
Batting: RHB Kyle Reilly 0-0: Called Strike
0-1: Reached on error, E5 (Groundball, 56S, EV 65.6 MPH)
Carlos Morejon to second
Batting: RHB Seung-mun Kim 0-0: Foul Ball, location: 2F
0-1: Ball
1-1: 3-RUN HOME RUN (Line Drive, 9LD, EV 90.6 MPH), Distance : 333 ft
Batting: RHB Eduardo Calderon 0-0: Ball
1-0: Called Strike
1-1: Ball
2-1: Foul Ball, location: 2F
2-2: Ball
3-2: Foul Ball, location: 2F
3-2: SINGLE (Groundball, 56D, EV 102.5 MPH)
Batting: RHB Vaclav Been 0-0: Ball
1-0: Ball
2-0: Ball
3-0: Base on Balls
Eduardo Calderon to second
Batting: LHB Eric Farren 0-0: Ball
1-0: Called Strike
1-1: Ball
2-1: Foul Ball, location: 2F
2-2: Ball
3-2: Base on Balls
Eduardo Calderon to third
Vaclav Been to second
Batting: LHB Josh George 0-0: Ball
1-0: Foul Ball, location: 2F
1-1: Ball
2-1: Ball
3-1: Base on Balls
Eduardo Calderon scores
Vaclav Been to third
Eric Farren to second
Batting: LHB Jesse Haught 0-0: Called Strike
0-1: Foul Ball, location: 2F
0-2: Ball
1-2: Ball
2-2: GRAND SLAM HOME RUN (Line Drive, 7LD, EV 96.2 MPH), Distance : 344 ft
Pitching: RHP Jim Micaletti
Batting: RHB Mark Schultz 0-0: Called Strike
0-1: SINGLE (Flyball, 34D, EV 82.5 MPH)
Batting: RHB Carlos Morejon 0-0: Called Strike
0-1: Called Strike
0-2: DOUBLE (Groundball, 5L, EV 96.9 MPH)
Mark Schultz to third
Runner from 3rd tries for Home, SAFE, no throw by LF
Batting: RHB Kyle Reilly 0-0: Ball
1-0: Ball
2-0: Ball
3-0: Called Strike
3-1: Base on Balls
Batting: RHB Seung-mun Kim 0-0: Ball
1-0: Called Strike
1-1: Fielders Choice at 2nd, 6-4 (Groundball, 6, EV 83.1 MPH)
Bottom of the 2nd over - 10 runs, 6 hits, 1 error, 2 left on base; Grand Junction 1 - Philadelphia (APP) 11
TOP OF THE 3RD
Grand Junction Rockies batting - Pitching for Philadelphia (APP) Phillies : RHP Chad Capaldi
Batting: RHB Willie Benito 0-0: Ball
1-0: Foul Ball, location: 2F
1-1: SINGLE (Groundball, 56D, EV 101.2 MPH) (infield hit)
Batting: LHB Steve Gilliam 0-0: Ball
1-0: Ball
2-0: Called Strike
2-1: Ball
3-1: SINGLE (Flyball, 7LS, EV 96.2 MPH)
Willie Benito to second
Batting: LHB Bill McGregor 0-0: Foul Ball, location: 2F
0-1: Ball
1-1: Foul Ball, location: 2F
1-2: Foul Ball, location: 2F
1-2: Ball
2-2: Ball
Passed Ball!
Willie Benito to third
Steve Gilliam to second
3-2: Ground out 4-3 (Groundball, 4, EV 89.4 MPH)
Willie Benito scores
Steve Gilliam to third
Batting: LHB Chris Salim 0-0: Called Strike
0-1: Ball
1-1: Ball
2-1: Foul Ball, location: 2F
2-2: Ground out 1-3 (Groundball, 13S, EV 63.1 MPH)
Batting: RHB Willis Morales 0-0: Ball
1-0: Ball
2-0: Called Strike
2-1: Ball
3-1: Base on Balls
Batting: RHB Juan Figueroa 0-0: Ball
1-0: Called Strike
1-1: Called Strike
1-2: Ball
2-2: Foul Ball, location: 2F
2-2: Ball
3-2: Foul Ball, location: 2F
3-2: Foul Ball, location: 2F
3-2: Base on Balls
Willis Morales to second
Batting: LHB Michael Krott 0-0: Ball
1-0: Ball
2-0: Ball
3-0: Base on Balls
Steve Gilliam scores
Willis Morales to third
Juan Figueroa to second
Batting: LHB Harry Folsom 0-0: Ball
1-0: Ball
2-0: Ball
3-0: Base on Balls
Willis Morales scores
Juan Figueroa to third
Michael Krott to second
Batting: RHB Bryce Hickman 0-0: Ball
1-0: Ground out 5-3 (Groundball, 56, EV 100.6 MPH)
Top of the 3rd over - 3 runs, 2 hits, 0 errors, 3 left on base; Grand Junction 4 - Philadelphia (APP) 11
BOTTOM OF THE 3RD
Philadelphia (APP) Phillies batting - Pitching for Grand Junction Rockies : RHP Jim Micaletti
Batting: RHB Eduardo Calderon 0-0: Ball
1-0: Ball
2-0: Ball
3-0: Base on Balls
Batting: RHB Vaclav Been 0-0: Ball
1-0: Swinging Strike
1-1: DOUBLE (Line Drive, 3D, EV 96.2 MPH)
Eduardo Calderon to third
Batting: LHB Eric Farren 0-0: Ball
1-0: Ball
2-0: Ball
Wild Pitch!
Eduardo Calderon scores
Vaclav Been to third
3-0: Base on Balls
Batting: LHB Josh George 0-0: 3-RUN HOME RUN (Flyball, 9LD, EV 91.9 MPH), Distance : 329 ft
Pitching: RHP T.J. Williams
Batting: LHB Jesse Haught 0-0: Ball
1-0: Called Strike
1-1: Ball
2-1: Foul Ball, location: 2F
2-2: Ball
3-2: Foul Ball, location: 2F
3-2: Base on Balls
Batting: RHB Mark Schultz 0-0: Fly out, F7 (Line Drive, 7, EV 101.9 MPH)
Batting: RHB Carlos Morejon 0-0: Foul Ball, location: 2F
0-1: Called Strike
0-2: Ball
1-2: Foul Ball, location: 2F
1-2: Fly out, F8 (Flyball, 8LM, EV 98.8 MPH)
Batting: RHB Kyle Reilly 0-0: Called Strike
0-1: Swinging Strike
0-2: Foul Ball, location: 2F
0-2: Ball
1-2: Strikes out looking
Bottom of the 3rd over - 4 runs, 2 hits, 0 errors, 1 left on base; Grand Junction 4 - Philadelphia (APP) 15
TOP OF THE 4TH
Grand Junction Rockies batting - Pitching for Philadelphia (APP) Phillies : RHP Chad Capaldi
Batting: RHB Willie Benito 0-0: Ground out 6-3 (Groundball, 6, EV 84.4 MPH)
Batting: LHB Steve Gilliam 0-0: Swinging Strike
0-1: Foul Ball, location: 2F
0-2: Ball
1-2: SINGLE (Line Drive, 7S, EV 91.2 MPH)
Pitching: RHP David LaBounty
Batting: LHB Bill McGregor 0-0: Ball
1-0: Swinging Strike
Steve Gilliam is caught stealing 2nd base 2-6
1-1: Foul Ball, location: 2F
1-2: Foul Ball, location: 2F
1-2: Ball
2-2: Foul Ball, location: 2F
2-2: Foul Ball, location: 2F
2-2: Fly out, F7 (Flyball, 7, EV 78.8 MPH)
Top of the 4th over - 0 runs, 1 hit, 0 errors, 0 left on base; Grand Junction 4 - Philadelphia (APP) 15
BOTTOM OF THE 4TH
Philadelphia (APP) Phillies batting - Pitching for Grand Junction Rockies : RHP T.J. Williams
Batting: RHB Seung-mun Kim 0-0: Ball
1-0: Swinging Strike
1-1: Foul Ball, location: 2F
1-2: Ball
2-2: Ball
3-2: Foul Ball, location: 2F
3-2: SOLO HOME RUN (Flyball, 9D, EV 95.6 MPH), Distance : 364 ft
Batting: RHB Eduardo Calderon 0-0: Foul Ball, location: 2F
0-1: Ball
1-1: Ball
2-1: Called Strike
2-2: Ball
3-2: Fly out, F8 (Line Drive, 8LD, EV 96.2 MPH)
Batting: RHB Vaclav Been 0-0: Ball
1-0: Called Strike
1-1: Ball
2-1: Ball
3-1: Base on Balls
Batting: LHB Eric Farren 0-0: Foul Ball, location: 2F
0-1: Ball
1-1: Called Strike
1-2: Ball
2-2: Foul Ball, location: 2F
2-2: Fly out, F3 (Flyball, 3D, EV 87.5 MPH)
Batting: LHB Josh George 0-0: Ball
1-0: Ground out 6-3 (Groundball, 6M, EV 103.8 MPH)
Bottom of the 4th over - 1 run, 1 hit, 0 errors, 1 left on base; Grand Junction 4 - Philadelphia (APP) 16
TOP OF THE 5TH
Grand Junction Rockies batting - Pitching for Philadelphia (APP) Phillies : RHP David LaBounty
Batting: LHB Chris Salim 0-0: Ball
1-0: Called Strike
1-1: Ball
2-1: Foul Ball, location: 2F
2-2: Ball
3-2: Foul Ball, location: 2F
3-2: SINGLE (Groundball, 56D, EV 97.5 MPH)
Batting: RHB Willis Morales 0-0: 2-RUN HOME RUN (Flyball, 78XD, EV 103.1 MPH), Distance : 403 ft
Batting: RHB Juan Figueroa 0-0: Ball
1-0: Swinging Strike
1-1: Ball
2-1: Ball
3-1: Called Strike
3-2: Base on Balls
Batting: LHB Michael Krott 0-0: Called Strike
Juan Figueroa steals 2nd base
0-1: Ball
1-1: Swinging Strike
1-2: Foul Ball, location: 2F
1-2: Ball
2-2: Strikes out swinging, 2-3 out at first.
Batting: LHB Harry Folsom 0-0: Ball
1-0: DOUBLE (Line Drive, 8LXD, EV 105.0 MPH)
Juan Figueroa scores
Batting: RHB Bryce Hickman 0-0: Ball
1-0: Fly out, F7 (Flyball, 7LM, EV 84.4 MPH)
Batting: RHB Willie Benito 0-0: 2-RUN HOME RUN (Flyball, 7D, EV 96.9 MPH), Distance : 372 ft
Pitching: RHP Andy Burchfield
Batting: LHB Steve Gilliam 0-0: Ball
1-0: Ball
2-0: Called Strike
2-1: Ball
3-1: Called Strike
3-2: Reached on error, E3 (Groundball, 3, EV 103.1 MPH)
Batting: LHB Bill McGregor 0-0: Ball
1-0: Called Strike
Steve Gilliam is caught stealing 2nd base 2-6
Top of the 5th over - 5 runs, 4 hits, 1 error, 0 left on base; Grand Junction 9 - Philadelphia (APP) 16
BOTTOM OF THE 5TH
Philadelphia (APP) Phillies batting - Pitching for Grand Junction Rockies : RHP T.J. Williams
Batting: LHB Jesse Haught 0-0: Ground out 4-3 (Groundball, 4, EV 83.8 MPH)
Batting: RHB Mark Schultz 0-0: Foul Ball, location: 2F
0-1: Swinging Strike
0-2: Ball
1-2: Ball
2-2: Foul Ball, location: 2F
2-2: Hit by Pitch
Batting: RHB Carlos Morejon 0-0: Ball
Mark Schultz steals 2nd base
1-0: 2-RUN HOME RUN (Flyball, 7D, EV 96.9 MPH), Distance : 373 ft
Batting: RHB Kyle Reilly 0-0: Ball
1-0: Swinging Strike
1-1: Foul Ball, location: 2F
1-2: Ball
2-2: TRIPLE (Line Drive, 78XD, EV 101.9 MPH)
Batting: RHB Seung-mun Kim 0-0: Swinging Strike
0-1: Ball
1-1: Ball
2-1: Foul Ball, location: 2F
Balk!
Kyle Reilly scores
2-2: SOLO HOME RUN (Flyball, 7LD, EV 95.6 MPH), Distance : 345 ft
Pitching: RHP Zakhar Edelman
Batting: RHB Eduardo Calderon 0-0: Called Strike
0-1: SINGLE (Line Drive, 8RS, EV 110.6 MPH)
Batting: RHB Vaclav Been 0-0: Ball
1-0: Fly out, F9 (Flyball, 9LM, EV 82.5 MPH)
Batting: LHB Eric Farren 0-0: Called Strike
0-1: Ball
1-1: Swinging Strike
1-2: Strikes out swinging
Bottom of the 5th over - 4 runs, 4 hits, 0 errors, 1 left on base; Grand Junction 9 - Philadelphia (APP) 20
TOP OF THE 6TH
Grand Junction Rockies batting - Pitching for Philadelphia (APP) Phillies : RHP Andy Burchfield
Batting: LHB Bill McGregor 0-0: Ball
1-0: Ball
2-0: Foul Ball, location: 2F
2-1: Ball
3-1: Base on Balls
Batting: LHB Chris Salim 0-0: Ball
Bill McGregor steals 2nd base
1-0: Fly out, F7 (Flyball, 7LD, EV 108.8 MPH)
Batting: RHB Willis Morales 0-0: Called Strike
Bill McGregor steals 3rd base
0-1: Swinging Strike
0-2: Reached on error, E2 (Groundball, 2R, EV 64.4 MPH)
Bill McGregor scores
Batting: RHB Juan Figueroa 0-0: Called Strike
0-1: Ball
1-1: Called Strike
Willis Morales steals 3rd base
1-2: Ball
2-2: Foul Ball, location: 2F
2-2: Foul Ball, location: 2F
2-2: Ball
3-2: Base on Balls
Batting: LHB Michael Krott 0-0: Called Strike
0-1: Called Strike
0-2: Strikes out swinging
Batting: LHB Harry Folsom 0-0: Called Strike
0-1: Foul Ball, location: 2F
0-2: Strikes out swinging
Top of the 6th over - 1 run, 0 hits, 1 error, 2 left on base; Grand Junction 10 - Philadelphia (APP) 20
BOTTOM OF THE 6TH
Philadelphia (APP) Phillies batting - Pitching for Grand Junction Rockies : RHP Zakhar Edelman
Batting: LHB Josh George 0-0: SOLO HOME RUN (Flyball, 9LD, EV 91.2 MPH), Distance : 331 ft
Batting: LHB Jesse Haught 0-0: Ball
1-0: Ground out U3 (Groundball, 3, EV 98.8 MPH)
Batting: RHB Mark Schultz 0-0: Ball
1-0: Ball
2-0: Ball
3-0: Base on Balls
Batting: RHB Carlos Morejon 0-0: Ball
1-0: Fly out, F8 (Flyball, 8RM, EV 88.8 MPH)
Batting: RHB Kyle Reilly 0-0: Ball
1-0: Ball
2-0: Called Strike
2-1: Called Strike
2-2: Ball
3-2: Base on Balls
Mark Schultz to second
Batting: RHB Seung-mun Kim 0-0: Ball
1-0: Called Strike
1-1: Foul Ball, location: 2F
1-2: Foul Ball, location: 2F
1-2: Ball
2-2: Ball
3-2: Base on Balls
Mark Schultz to third
Kyle Reilly to second
Batting: RHB Eduardo Calderon 0-0: Ball
1-0: Hit by Pitch
Mark Schultz scores
Kyle Reilly to third
Seung-mun Kim to second
Batting: RHB Vaclav Been 0-0: Foul Ball, location: 2F
0-1: Ball
1-1: Ball
2-1: Ball
3-1: Base on Balls
Kyle Reilly scores
Seung-mun Kim to third
Eduardo Calderon to second
Batting: LHB Eric Farren 0-0: Ball
1-0: Called Strike
1-1: Foul Ball, location: 2F
1-2: Strikes out swinging
Bottom of the 6th over - 3 runs, 1 hit, 0 errors, 3 left on base; Grand Junction 10 - Philadelphia (APP) 23
TOP OF THE 7TH
Grand Junction Rockies batting - Pitching for Philadelphia (APP) Phillies : RHP Andy Burchfield
Batting: RHB Bryce Hickman 0-0: Ball
1-0: Called Strike
1-1: Ball
2-1: Fly out, F5 (Flyball, 5D, EV 90.6 MPH)
Batting: RHB Willie Benito 0-0: Ball
1-0: Swinging Strike
1-1: Called Strike
1-2: Ground out 4-3 (Groundball, 4, EV 85.6 MPH)
Batting: LHB Steve Gilliam 0-0: Ball
1-0: Called Strike
1-1: Called Strike
1-2: Ball
2-2: Strikes out swinging
Top of the 7th over - 0 runs, 0 hits, 0 errors, 0 left on base; Grand Junction 10 - Philadelphia (APP) 23
BOTTOM OF THE 7TH
Philadelphia (APP) Phillies batting - Pitching for Grand Junction Rockies : RHP Zakhar Edelman
Batting: LHB Josh George 0-0: Ball
1-0: SINGLE (Line Drive, 6MD, EV 97.5 MPH)
Batting: LHB Jesse Haught 0-0: Ball
1-0: Ball
Wild Pitch!
Josh George to second
2-0: SINGLE (Groundball, 13S, EV 64.4 MPH) (infield hit)
Josh George to third
Pitching: RHP Keith Giarratano
Batting: RHB Mark Schultz 0-0: Called Strike
0-1: Swinging Strike
0-2: DOUBLE (Line Drive, 5D, EV 98.8 MPH)
Josh George scores
Jesse Haught to third
Batting: RHB Carlos Morejon 0-0: Ball
Wild Pitch!
Jesse Haught scores
Mark Schultz to third
1-0: Ball
2-0: Called Strike
2-1: Swinging Strike
2-2: Strikes out swinging
Batting: RHB Kyle Reilly 0-0: Fly out, F4 (Flyball, 34D, EV 81.2 MPH)
Batting: RHB Seung-mun Kim 0-0: Ball
1-0: Ball
2-0: Foul Ball, location: 2F
2-1: Ball
3-1: Base on Balls
Batting: RHB Eduardo Calderon 0-0: Ball
1-0: Fly out, F7 (Flyball, 7LD, EV 84.4 MPH)
Bottom of the 7th over - 2 runs, 3 hits, 0 errors, 2 left on base; Grand Junction 10 - Philadelphia (APP) 25
TOP OF THE 8TH
Grand Junction Rockies batting - Pitching for Philadelphia (APP) Phillies : RHP Andy Burchfield
Batting: LHB Bill McGregor 0-0: Ball
1-0: Called Strike
1-1: Ball
2-1: Ball
3-1: Called Strike
3-2: Base on Balls
Pitching: RHP Dustin Greaves
Batting: LHB Chris Salim 0-0: Swinging Strike
0-1: Swinging Strike
0-2: Strikes out swinging
Batting: RHB Willis Morales 0-0: Ball
1-0: Called Strike
1-1: Ball
2-1: Called Strike
2-2: Strikes out swinging
Batting: RHB Juan Figueroa 0-0: Called Strike
0-1: Ball
1-1: Foul Ball, location: 2F
1-2: Ball
2-2: Strikes out looking
Top of the 8th over - 0 runs, 0 hits, 0 errors, 1 left on base; Grand Junction 10 - Philadelphia (APP) 25
BOTTOM OF THE 8TH
Philadelphia (APP) Phillies batting - Pitching for Grand Junction Rockies : RHP Keith Giarratano
Batting: RHB Vaclav Been 0-0: Ball
1-0: Ball
2-0: Ball
3-0: Called Strike
3-1: Ground out 1-3 (Groundball, P, EV 69.4 MPH)
Batting: LHB Eric Farren 0-0: Ball
1-0: Foul Ball, location: 2F
1-1: SINGLE (Flyball, 78S, EV 86.2 MPH)
Batting: LHB Josh George 0-0: Ball
1-0: Foul Ball, location: 2F
1-1: Ball
2-1: Foul Ball, location: 2F
2-2: Ball
Wild Pitch!
Eric Farren to second
3-2: Ground out 4-3 (Groundball, 4, EV 83.8 MPH)
Eric Farren to third
Batting: LHB Jesse Haught 0-0: Ball
1-0: Ball
2-0: Ball
3-0: Called Strike
3-1: Base on Balls
Batting: RHB Mark Schultz 0-0: Ball
1-0: Foul Ball, location: 2F
1-1: Ball
2-1: Foul Ball, location: 2F
2-2: Foul Ball, location: 2F
2-2: Foul Ball, location: 2F
2-2: Ball
3-2: SINGLE (Line Drive, 5L, EV 96.2 MPH)
Eric Farren scores
Jesse Haught to second
Jesse Haught to third
Batting: RHB Carlos Morejon 0-0: Hit by Pitch
Mark Schultz to second
Batting: RHB Kyle Reilly 0-0: Swinging Strike
0-1: Foul Ball, location: 2F
0-2: Foul Ball, location: 2F
0-2: Ball
1-2: Ball
2-2: Ball
3-2: Foul Ball, location: 2F
3-2: Strikes out swinging
Bottom of the 8th over - 1 run, 2 hits, 0 errors, 3 left on base; Grand Junction 10 - Philadelphia (APP) 26
TOP OF THE 9TH
Grand Junction Rockies batting - Pitching for Philadelphia (APP) Phillies : RHP Dustin Greaves
Batting: LHB Michael Krott 0-0: Called Strike
0-1: Ball
1-1: Ball
2-1: Called Strike
2-2: Ball
3-2: Ground out 4-3 (Groundball, 4M, EV 103.1 MPH)
Batting: LHB Harry Folsom 0-0: Foul Ball, location: 2F
0-1: Foul Ball, location: 2F
0-2: DOUBLE (Flyball, 78D, EV 102.5 MPH)
Batting: RHB Bryce Hickman 0-0: Fly out, F9 (Flyball, 89D, EV 100.6 MPH)
Pinch Hitting: LHB Zack Guillen 0-0: Foul Ball, location: 2F
0-1: Ball
1-1: Foul Ball, location: 2F
1-2: Ball
2-2: Ground out 6-3 (Groundball, 56, EV 108.8 MPH)
Top of the 9th over - 0 runs, 1 hit, 0 errors, 1 left on base; Grand Junction 10 - Philadelphia (APP) 26
Thursday, March 31st , 2022 - OOTP Baseball 22.12 Build 89